 BcadrenCrawl: Boulder Brew version 0.05.31-22-geda828027a (webtiles) character file.

Game seed: 15183190820610516235, levelgen mode: deterministic

170 diana the Ruffian (level 5, 0/55 HPs) Oozomorph Gladiator. Began on Oct 2, 2021. Succumbed to a water moccasin's poison ... on level 2 of the Dungeon. The game lasted 00:01:55 (702 turns).

diana the Ruffian (Oozomorph Gladiator)              Turns: 702, Time: 00:01:56

Health: 0/55       AC: 16    Str: 21    XL:     5 ^: 137
Magic:  6/6        EV:  0    Int:  8    God:
Gold:   64         SH:  0    Dex: 14    Spells: 4/4 levels left

rFire    . . .     Vision   .     - Unarmed
rCold    . . .     Gourm    .     - Unarmed
rNeg     . . .     Faith    .   a - +0 leather armour
rCorr    + + +     Spirit   .   b - +0 helmet
rPois    .         Reflect  .   e - +0 leather armour
rElec    .         Harm     .   g - +0 chain mail
MR       .....                  (nothing subsumed)
Stlth    ..........             (no amulet)
HPRegen  0.28/turn              (no ring)
MPRegen  0.16/turn              (no ring)

@: berserking, lethally poisoned (0 -> -3), quick
A: cytoplasmic subsumption, amorphous body, gelatinous body 1
a: Subsume Item


You were on level 2 of the Dungeon.
You were not hungry.

You visited 1 branch of the dungeon, and saw 2 of its levels.

You collected 64 gold pieces.

Inventory:

Armour
 a - a +0 leather armour (worn)
 b - a +0 helmet (worn)
 e - a +0 leather armour (worn)
 f - a +0 leather armour
 g - a +0 chain mail (worn)
Jewellery
 j - an uncursed ring of positive energy
Wands
 c - a wand of ensnaring (9)
Scrolls
 n - a scroll of magic mapping
Potions
 h - a potion of invisibility
 i - a potion of amnesia
 k - 2 potions of magic
 l - a potion of agility
Comestibles
 d - 5 rations


   Skills:
 + Level 3.9 Fighting
 + Level 2.4 Armour
 - Level 2.4 Dodging
 + Level 4.2 Unarmed Combat
 - Level 2.0 Evocations


You had 4 spell levels left.
You didn't know any spells.
Your spell library was empty.

Dungeon Overview and Level Annotations

Branches:
Dungeon (2/8)

Altars:


Innate Abilities, Weirdness & Mutations

You may subsume any weapon, armour, or jewellery into your cytoplasm to benefit from its magical properties.
Your body is completely amorphous, allowing you to wear any combination of armour.
You have seven amorphous slots; replacing the normal gear slots.
Body armours and bardings take two slots, all other armours take one.
Your gelatinous form is immune to acid, constriction and sticky flames. (rCorr+, Slime)


Message History

The water moccasin bites you (4).
* * * LOW HITPOINT WARNING * * *
The crocodile bites you but does no damage.
You barely miss the water moccasin. You closely miss the water moccasin.
The water moccasin bites you but does no damage.
Okay, then.
Okay, then.
A red film seems to cover your vision as you go berserk!
You feel yourself moving faster!
You feel mighty!
You feel sick. (1)
The water moccasin bites you but does no damage.
The crocodile bites you (8)!
* * * LOW HITPOINT WARNING * * *
The water moccasin bites you (3).
* * * LOW HITPOINT WARNING * * *
You closely miss the water moccasin. x2; The crocodile bites you (3).
* * * LOW HITPOINT WARNING * * *
You hit the water moccasin (4). You punch the water moccasin (7)!
The water moccasin is almost dead. (2/28) HP You die...

#≈≈≈.## #
#≈≈≈.# #
#≈≈..# #
##≈≈≈≈# #
#≈≈≈≈≈#
..
##≈≈≈≈≈#
..#
#.≈≈≈≈≈#
....
#≈≈≈≈≈≈##
..≈.
#≈≈≈@≈≈.#
#≈≈St≈≈##
#≈≈b≈≈≈#
#≈≈≈≈≈≈#
#b≈≈≈≈≈#
#....≈.#
#=≈≈..≈#
#≈≈≈≈P..


You could see a water moccasin and a crocodile.

Vanquished Creatures
  A big kobold (D:2)
  A jelly (D:2)
  2 giant cockroaches (D:1)
  2 cinder newts
  An ooze (D:2)
  A leopard gecko (D:2)
  A bat (D:1)
  A goblin (D:1)
  7 hobgoblins (D:1)
  6 kobolds (D:2)
  A ball python (D:2)
  3 rats (D:1)
  A withered plant (D:2)
28 creatures vanquished.

Vanquished Creatures (others)
  A ball python (D:2)
  3 kobolds (D:2)
  32 withered plants (D:2)
36 creatures vanquished.

Grand Total: 64 creatures vanquished

Notes
Turn   | Place    | Note
-------+----------+-------------------------------------------
     0 | D:1      | diana the Oozomorph Gladiator began the quest for the Orb.
     0 | D:1      | Reached XP level 1. HP: 14/14 MP: 2/2
    11 | D:1      | Reached XP level 2. HP: 20/20 MP: 3/3
    61 | D:1      | Reached skill level 1 in Armour
   133 | D:1      | Reached XP level 3. HP: 25/25 MP: 4/4
   527 | D:2      | Reached XP level 4. HP: 31/31 MP: 5/5
   583 | D:2      | Noticed a big kobold
   662 | D:2      | Killed a big kobold
   662 | D:2      | Reached skill level 4 in Unarmed Combat
   662 | D:2      | Reached XP level 5. HP: 37/37 MP: 6/6
   689 | D:2      | Noticed a water moccasin
   701 | D:2      | HP: 1/55 [crocodile (3)]
   702 | D:2      | Succumbed to a water moccasin's poison

Levels and vault maps discovered:
D:1:      dpeg_arrival_tiny_j, layout_rooms, fountainhead
D:2:      layout_sewer, kennysheep_sewer_church, serial_shops, kennysheep_mini,
          first_ration

Skill      XL: |  1  2  3  4 |
---------------+-------------+-----
Armour         | 1 2 |  2.4
Fighting       | 3 |  3.9
Unarmed Combat | 4 |  4.2
Dodging        | |  2.4
Evocations     | |  2.0

Action                   |  1- 3 |  4- 6 || total
-------------------------+-------+-------++-------
Melee: Unarmed           |   165 |    87 ||   252
  Use: Potion            |       |     1 ||     1
Armor: Skin              |    47 |    23 ||    70
Dodge: Dodged            |     6 |       ||     6
